 Dungeon Crawl Stone Soup version 0.18-a0-1168-gcbefeb2 (webtiles) character file.

7781 Minkie the Basher (level 11, -3/63 HPs)
             Began as a Gargoyle Fighter on Jan 26, 2016.
             Was a Priest of Qazlal.
             Slain by a blink frog (4 damage)
             ... on level 1 of the Lair of Beasts.
             The game lasted 00:41:48 (10145 turns).

Minkie the Basher (Gargoyle Fighter)               Turns: 10145, Time: 00:41:48

Health: -3/63      AC: 26    Str: 21    XL:     11   Next: 20%
Magic:  0/16       EV:  5    Int: 11    God:    Qazlal [***...]
Gold:   40         SH: 16    Dex:  9    Spells: 0 memorised, 10 levels left

rFire  . . .     SeeInvis .     y - +3 flail (holy)
rCold  + . .     Gourm    .     o - +1 plate armour {rC+}
rNeg   + + .     Faith    .     c - +0 shield
rPois  ∞         Spirit   +     (no helmet)
rElec  +         Dismiss  .     (no cloak)
rCorr  .         Reflect  .     P - +0 pair of gloves
SustAt .         Harm     .     L - +0 pair of boots
MR     +....     Rnd*Tele +     v - amulet of guardian spirit
Stlth  ..........               K - ring of positive energy
                                G - +1 ring of protection

@: somewhat resistant to hostile enchantments, extremely unstealthy
A: talons 1, magic resistance 1, negative energy resistance 1, electricity
resistance, teleportitis 1, unbreathing, petrification resistance, rot immunity,
AC +7
a: Upheaval, Elemental Force, Renounce Religion


You were on level 1 of the Lair of Beasts.
You worshipped Qazlal.
Qazlal was most pleased with you.
You were hungry.

You visited 3 branches of the dungeon, and saw 12 of its levels.

You collected 40 gold pieces.

Inventory:

Hand Weapons
 y - a +3 flail of holy wrath (weapon)
Armour
 c - a +0 shield (worn)
 o - a +1 plate armour of cold resistance (worn)
 L - a +0 pair of boots (worn)
 P - a +0 pair of gloves (worn)
Jewellery
 u - an uncursed ring of resist corrosion
 v - an amulet of guardian spirit (around neck)
 G - a +1 ring of protection (left hand)
 K - a ring of positive energy (right hand)
Wands
 M - a wand of confusion (25/48)
Scrolls
 a - 3 scrolls of recharging {unknown}
 g - 3 scrolls of enchant weapon {unknown}
 h - 5 scrolls of magic mapping {unknown}
 i - 3 scrolls of enchant armour {unknown}
 k - 6 scrolls of remove curse
 n - 2 scrolls of fog
 q - 3 scrolls of teleportation {unknown}
 t - a scroll of silence {unknown}
 w - a scroll of noise {unknown}
 A - a scroll of immolation {unknown}
 D - a scroll of blinking {unknown}
 F - 2 scrolls of summoning {unknown}
 N - 2 scrolls of random uselessness {unknown}
 S - a scroll of fear {unknown}
Potions
 d - a potion of might
 e - 4 potions of lignification
 m - a potion of cancellation
 x - 4 potions of curing
 B - a potion of agility
 C - a potion of cure mutation
Comestibles
 f - 8 bread rations
 j - 3 slices of pizza
 l - 6 meat rations


   Skills:
 - Level 5.0 Fighting
 * Level 10.9 Maces & Flails
 + Level 9.0 Armour
 + Level 9.1 Shields
 + Level 7.0 Invocations


You had 10 spell levels left.
You didn't know any spells.

Dungeon Overview and Level Annotations

Branches:
Dungeon (10/15)            Temple (1/1) D:4            Lair (1/8) D:10
    Orc: D:9-12

Altars:
Ashenzari
Cheibriados
Dithmenos
Elyvilon
Fedhas
Gozag
Kikubaaqudgha
Makhleb
Nemelex Xobeh
Okawaru
Pakellas
Qazlal
Ru
Sif Muna
Trog
Vehumet
Xom
Yredelemnul
Zin
The Shining One

Annotations:
D:5 Dega's ghost, amateur DsFi
D:9 Maurice


Innate Abilities, Weirdness & Mutations

You are resistant to torment.
Your stone body is resilient (AC +7).
You are immune to poison.
You resist negative energy.
You are resistant to electric shocks.
You can survive without breathing.
You are immune to petrification.
You are immune to rotting.
You have sharp toenails.
You are resistant to hostile enchantments.
You are occasionally teleported next to monsters.


Message History

Read which item? (? for menu, Esc to quit)
As you read the scroll labeled KEIDIO DOPSUINN, it crumbles to dust.
You feel blessed for a moment.
It was a scroll of remove curse.
You block the blink frog's attack. x2
The blink frog hits you but does no damage.
The blink frog hits you.
* * * LOW HITPOINT WARNING * * *
You block the blink frog's attack.
Read which item? (? for menu, Esc to quit)
As you read the scroll labeled JEGYSISKOSH, it crumbles to dust.
The scroll dissolves into smoke.
It was a scroll of fog.
You block the blink frog's attack.
The blink frog hits you but does no damage.
The blink frog barely misses you. You block the blink frog's attack.
The blink frog hits you.
* * * LOW HITPOINT WARNING * * *
The blink frog blinks!
Unknown command.
The blink frog blinks!
The blink frog hits you.
You die...

#.....# #.....#
#.....# #.....#
##.....######P ..
+##............ ...
.........F...###..##.
.............#......#
..........§F@§.......
...........§#)..##.#
.##..F...§.#F.#...##.
#.....###§§........
....#..##.§§......#.
..##..8.##..#..8.8..#
.. #........#........
#8.>.........>...#
#.....#...........


You could see 4 blink frogs.

Vanquished Creatures
  A hill giant (D:10)
  An elephant (D:10)
  Joseph (D:9)
  A spiny frog (Lair:1)
  A two-headed ogre (D:10)
  Prince Ribbit (D:9)
  A wyvern (D:8)
  6 yaks
  A hungry ghost (D:10)
  3 hippogriffs
  Menkaure (D:4)
  A water moccasin (D:9)
  Duvessa (D:5)
  A sky beast (D:6)
  An orc warrior (D:7)
  A phantom (D:8)
  4 centaurs
  3 ogres
  4 big kobolds
  2 crocodiles
  A gnoll sergeant (D:9)
  8 giant frogs
  A wyvern zombie (D:6)
  Dowan (D:5)
  A wyvern skeleton (D:10)
  A scorpion (D:6)
  13 killer bees
  3 crimson imps
  A giant frog zombie (D:8)
  A giant frog skeleton (D:9)
  2 gnoll shamans
  8 hounds
  A jelly (D:3)
  4 orc priests
  9 orc wizards
  3 iguanas
  9 worker ants
  A sheep (D:10)
  3 hound skeletons
  18 gnolls
  9 adders
  2 shadow imps
  An ooze (D:3)
  3 worms
  5 giant geckos
  18 orcs
  5 giant cockroaches
  6 goblins
  7 hobgoblins
  12 jackals
  24 kobolds
  A quokka (D:5)
  A ball python (D:5)
  6 bats
  A giant cockroach zombie (D:6)
  A giant gecko skeleton (D:4)
  3 giant newts
  A quokka skeleton (D:5)
  A quokka zombie (D:6)
  8 rats
240 creatures vanquished.

Vanquished Creatures (others)
  A human (D:4)
1 creature vanquished.

Grand Total: 241 creatures vanquished

Notes
Turn   | Place    | Note
--------------------------------------------------------------
     0 | D:1      | Minkie the Gargoyle Fighter began the quest for the Orb.
     0 | D:1      | Reached XP level 1. HP: 14/14 MP: 1/1
   166 | D:1      | Reached XP level 2. HP: 19/19 MP: 2/2
   795 | D:2      | Reached XP level 3. HP: 16/23 MP: 3/3
  1191 | D:2      | Found a radiant altar of Vehumet.
  1320 | D:2      | Reached XP level 4. HP: 28/28 MP: 4/4
  2037 | D:2      | Reached skill level 4 in Shields
  2067 | D:2      | Found an ancient bone altar of Kikubaaqudgha.
  2399 | D:3      | Reached XP level 5. HP: 28/33 MP: 5/5
  2475 | D:3      | Found an iron altar of Okawaru.
  3099 | D:3      | Reached XP level 6. HP: 32/38 MP: 6/6
  3226 | D:4      | Found an ancient bone altar of Kikubaaqudgha.
  3226 | D:4      | Noticed a human
  3229 | D:4      | Killed a human
  3379 | D:4      | Noticed Menkaure
  3388 | D:4      | Killed Menkaure
  3388 | D:4      | Reached XP level 7. HP: 4/44 MP: 7/7
  3717 | D:4      | Reached skill level 5 in Maces & Flails
  3717 | D:4      | Reached skill level 5 in Shields
  3769 | D:4      | Found a staircase to the Ecumenical Temple.
  3792 | Temple   | Entered the Ecumenical Temple
  3918 | Temple   | Became a worshipper of Qazlal Stormbringer
  4172 | D:5      | Entered Level 5 of the Dungeon
  4196 | D:5      | Reached skill level 5 in Fighting
  4196 | D:5      | Reached skill level 5 in Armour
  4310 | D:5      | Noticed Dega's ghost (amateur DsFi)
  4559 | D:5      | Reached skill level 1 in Invocations
  4559 | D:5      | Reached XP level 8. HP: 47/49 MP: 1/8
  5089 | D:5      | Noticed Duvessa
  5089 | D:5      | Noticed Dowan
  5110 | D:5      | Killed Duvessa
  5110 | D:5      | Reached skill level 6 in Maces & Flails
  5116 | D:5      | Killed Dowan
  5952 | D:6      | Reached * piety under Qazlal
  5978 | D:6      | Reached skill level 7 in Maces & Flails
  6074 | D:6      | Found an oddly glowing altar of Pakellas.
  6083 | D:6      | Found an opulent altar of Gozag.
  6264 | D:6      | Reached XP level 9. HP: 50/54 MP: 11/11
  6848 | D:7      | Found a burning altar of Makhleb.
  6848 | D:7      | Found a glowing golden altar of the Shining One.
  6848 | D:7      | Found a shadowy altar of Dithmenos.
  6848 | D:7      | Found a shattered altar of Ashenzari.
  6871 | D:7      | Reached skill level 8 in Maces & Flails
  6888 | D:7      | Found a glowing silver altar of Zin.
  6888 | D:7      | Found a bloodstained altar of Trog.
  6993 | D:7      | Reached ** piety under Qazlal
  7589 | D:8      | Reached skill level 5 in Invocations
  7800 | D:8      | Reached skill level 9 in Maces & Flails
  7838 | D:8      | Reached XP level 10. HP: 59/59 MP: 13/13
  8271 | D:9      | Noticed Prince Ribbit
  8455 | D:9      | Found a deep blue altar of Sif Muna.
  8481 | D:9      | Killed Prince Ribbit
  8591 | D:9      | Noticed Maurice
  8878 | D:9      | Noticed Joseph
  9219 | D:9      | Killed Joseph
  9219 | D:9      | Reached *** piety under Qazlal
  9252 | D:10     | Entered Level 10 of the Dungeon
  9272 | D:10     | Noticed a hill giant
  9286 | D:10     | Killed a hill giant
  9286 | D:10     | Reached skill level 10 in Maces & Flails
  9432 | D:10     | Noticed an elephant
  9451 | D:10     | Killed an elephant
  9654 | D:10     | Reached XP level 11. HP: 60/63 MP: 14/16
  9784 | D:10     | Got a steaming marble ring
  9804 | D:10     | Found a staircase to the Lair.
 10001 | Lair:1   | Entered Level 1 of the Lair of Beasts
 10012 | Lair:1   | Gained mutation: You are occasionally teleported next to monsters. [potion of mutation]
 10012 | Lair:1   | Gained mutation: You are resistant to hostile enchantments. [potion of mutation]
 10012 | Lair:1   | Gained mutation: You have sharp toenails. [potion of mutation]
 10020 | Lair:1   | Identified the ring of Xapiolema {Fire Stlth+} (You found it on level 10 of the Dungeon)
 10142 | Lair:1   | HP: 3/63 [blink frog (2)]
 10144 | Lair:1   | HP: 1/63 [blink frog (3)]
 10145 | Lair:1   | Slain by a blink frog

Vault maps used:
D:1:      evilmike_arrival_crescent
D:2:      lemuel_crystal_altar, vehumet_crystals, first_bread,
          grunt_ministairs_10, solitary_fountain, minivault_25, minmay_unequal
D:3:      marbit_many_paths
D:4:      minmay_temple_entry_crystal_x, tgw_kikubaaqudgha, uniq_menkaure
D:5:      uniq_duvessa
D:6:      minitemple, due_unseen_surprise
D:7:      minmay_overflow_temple_hex
D:9:      nicolae_overflow_crystal_walls, uniq_joseph, uniq_maurice,
          uniq_prince_ribbit1
D:10:     david_lair_generic
Temple:   jpeg_temple_alley_garden_8
Lair:1:   grunt_megastairs_2

Action                   |  1- 3 |  4- 6 |  7- 9 | 10-12 || total
-------------------------+-------+-------+-------+-------++-------
Melee: Flail             |    97 |    92 |   406 |   386 ||   981
       Whip              |       |    17 |       |       ||    17
       Morningstar       |       |    83 |   173 |       ||   256
Invok: Upheaval          |       |       |       |     1 ||     1
  Use: Scroll            |       |       |     9 |     4 ||    13
       Potion            |       |       |       |     4 ||     4
  Eat: Chunk             |     1 |     6 |    14 |     6 ||    27
       Beef jerky        |       |     1 |     1 |     2 ||     4
